 Dungeon Crawl Stone Soup version 0.29.0-10-g45618ea6d2 (webtiles) character file.

Game seed: 12346433414867006948

16 pacmanke6689 the Magician (level 2, -3/19 HPs)
             Began as a Demonspawn Hedge Wizard on Sept 1, 2022.
             Slain by Terence
             ... wielding a +0 mace
              (10 damage)
             ... on level 1 of the Dungeon.
             The game lasted 00:05:42 (1858 turns).

pacmanke6689 the Magician (Demonspawn Hedge Wizard) Turns: 1858, Time: 00:05:43

Health: -3/19      AC:  3    Str: 10    XL:     2   Next: 41%
Magic:  6/6        EV: 12    Int: 15    God:
Gold:   21         SH:  0    Dex: 12    Spells: 5/7 levels left

rFire   . . .      SeeInvis .   l - +2 dagger (protect)
rCold   . . .      Faith    .   (no shield)
rNeg    . . .      Spirit   .   b - +1 robe
rPois   .          Reflect  .   m - +0 hat
rElec   .          Harm     .   (no cloak)
rCorr   .          Rampage  .   (no gloves)
Will    .....                   (no boots)
Stlth   ++........              (no amulet)
HPRegen 0.06/turn               (no ring)
MPRegen 0.10/turn               (no ring)

@: about to teleport
A: weakness stinger 1
a: no special abilities


You were on level 1 of the Dungeon.
You visited 1 branch of the dungeon, and saw 2 of its levels.

You collected 44 gold pieces.
You spent 23 gold pieces at shops.

Inventory:

Hand Weapons
 a - a +0 dagger
 l - a +2 dagger of protection (weapon)
Armour
 b - a +1 robe (worn)
 c - a +0 hat
 m - a +0 hat (worn)
Scrolls
 e - a scroll of magic mapping
Potions
 d - a potion of magic
 i - a potion of lignification {unknown}


   Skills:
 + Level 0.1 Fighting
 + Level 0.3 Short Blades
 + Level 1.9 Dodging
 + Level 1.7 Stealth
 + Level 3.4 Spellcasting
 + Level 1.0 Conjurations
 + Level 0.6 Hexes
 + Level 1.0 Summonings
 + Level 0.8 Translocations


You had 5 spell levels left.
You knew the following spells:

 Your Spells              Type           Power      Damage    Failure   Level
a - Magic Dart            Conj           20%        1d4       13%         1
b - Slow                  Hex            16%        N/A       16%         1

Your spell library contained the following spells:

 Spells                   Type           Power      Damage    Failure   Level
 Call Imp                 Summ           5%         N/A       19%         2
 Blink                    Tloc           10%        N/A       21%         2
 Conjure Flame            Conj/Fire      4%         6-21      43%         3
 Mephitic Cloud           Conj/Pois/Air  3%         N/A       45%         3


Dungeon Overview and Level Annotations

Branches:
Dungeon (2/15)

Altars:

Shops:
D:1 *[=![

Annotations:
D:1 Terence


Innate Abilities, Weirdness & Mutations

You have a small tail.


Message History

The giant cockroach is moderately wounded.
The giant cockroach barely misses you.
You hit the giant cockroach.
You kill the giant cockroach!
You see here a giant cockroach corpse.
There is an entrance to Pux Xanyoso's Armour Boutique here.
There is an entrance to Pux Xanyoso's Armour Boutique here.
Done exploring.
Done exploring.
Done exploring.
You see here 5 stones.
There is a stone staircase leading down here.
You climb downwards.
Terence shouts!
You hear an angry hiss.
Found a sling and a scroll labelled DUKIAM WEMEIPEC.
There is a stone staircase leading up here.
Found 13 gold pieces.
A kobold comes into view. It is wielding a +0 dagger.
The kobold shouts!
You hit Terence.
Your weapon exudes an aura of protection.
Terence is lightly wounded.
You hear an angry hiss.
A ball python comes into view.
Terence misses you.
You closely miss Terence.
Terence is lightly wounded.
Terence hits you with a +0 mace. Terence attacks as you move away!
Terence hits you with a +0 mace.
Terence says, "You're history."
The kobold attacks as you move away! The kobold misses you.
There is a stone staircase leading up here.
You can't go down here!
The kobold hits you but does no damage. Terence hits you with a +0 mace.
You climb upwards.
There is a stone staircase leading down here.
As you read the scroll of teleportation, it crumbles to dust.
You feel strangely unstable. Terence hits you with a +0 mace!
Ouch! That really hurt!
You die...

..#.#...#.#.#....# #.# #.
...#....#........# #.# #.
<.#...#...###...## #.## ##
.#...#..### #...# #..# #...#...#
#...# ##.# .#.#....# #...#
#.###### ..#.....#####...########
#.......
.#.#....#.)............###..####.
#...#...#.......@................
.#...#..#......@K............###.
..#...#.#####...####.##......# #.
.......## #...# #)###.#.#.###.
.####### #...# #.##....#.....
..##.# #...# #.......######
#.##.########...# ###.[.....#####
#.##.#..>...#...###.............(
.....#.####.#...##..........#####


You could see Terence and a kobold.

Vanquished Creatures
  2 ball pythons (D:1)
  An endoplasm (D:1)
  A giant cockroach (D:1)
  3 goblins (D:1)
  3 hobgoblins (D:1)
  2 kobolds (D:1)
  A bat (D:1)
  A frilled lizard (D:1)
  A rat (D:1)
15 creatures vanquished.

Notes
Turn   | Place    | Note
-------+----------+-------------------------------------------
     0 | D:1      | pacmanke6689 the Demonspawn Hedge Wizard began the quest
                  | for the Orb.
     0 | D:1      | Reached XP level 1. HP: 13/13 MP: 4/4
   127 | D:1      | Learned a level 1 spell: Slow
   252 | D:1      | Found Seb Diyn's Armour Boutique.
   656 | D:1      | Found Raiw's Distillery.
   990 | D:1      | Found Qululuin's Jewellery Shop.
  1009 | D:1      | Gained mutation: You have a small tail. [demonic ancestry]
  1009 | D:1      | Reached XP level 2. HP: 6/19 MP: 6/6
  1467 | D:1      | Found Boidual's Assorted Antiques.
  1474 | D:1      | Bought a scroll labelled WUISTR XEIKHOKH for 23 gold pieces
  1769 | D:1      | Found Pux Xanyoso's Armour Boutique.
  1849 | D:2      | Noticed Terence
  1858 | D:1      | Slain by Terence

Illustrated notes

Levels and vault maps discovered:
D:1:      matt_arrival_diagonals, layout_loops_cross, serial_shops,
          nicolae_diamond_shop, shop, nicolae_shop_advertising_works
          [nicolae_subvault_shop_adworks], shop, shop, minmay_surrounded
D:2:      layout_rooms, minmay_misc_feat_iff, chequers_arboretum, uniq_terence

Action                   || total
-------------------------++-------
Melee: Dagger            ||    68
       Punch             ||     3
       Tailslap          ||     2
 Cast: Slow              ||     8
       Magic Dart        ||     2
  Use: Scroll            ||     8
Armor: Robe              ||    16
Dodge: Dodged            ||    43
